 Dungeon Crawl Stone Soup version 0.14-a0-882-gdff4d47 (webtiles) character file.

1495 JacquesDerrida the Cleaver (level 8, 0/63 HPs)
             Began as a Hill Orc Gladiator on Nov 16, 2013.
             Was a Believer of Beogh.
             Slain by an orc warrior
             ... wielding a -1,+1 orcish long sword
              (15 damage)
             ... on Level 6 of the Dungeon.
             The game lasted 00:17:33 (4955 turns).

JacquesDerrida the Cleaver (Hill Orc Gladiator)     Turns: 4955, Time: 00:17:34

HP   0/63        AC 10     Str 20      XL: 8   Next: 47%
MP   7/7         EV  7     Int 10      God: Beogh [**....]
Gold 275         SH  0     Dex 11      Spells:  0 memorised,  7 levels left

Res.Fire  : . . .   See Invis. : .   n - +1,+0 orc war axe
Res.Cold  : + . .   Warding    : .   g - +0 elf chain mail
Life Prot.: . . .   Conserve   : .   (no shield)
Res.Poison: .       Res.Corr.  : +   c - +0 orc helmet
Res.Elec. : .       Clarity    : .   (no cloak)
Sust.Abil.: . .     Spirit.Shd : .   (no gloves)
Res.Mut.  : .       Stasis     : .   (no boots)
Res.Rott. : .       Flight     : .   J - amulet of Propriety {rCorr rC+}
Saprovore : + . .                    l - ring of regeneration
                                     m - cursed +2 ring of strength

@: confused, slightly resistant to hostile enchantments, extremely unstealthy
A: saprovore 1
a: Smiting, Renounce Religion


You were on level 6 of the Dungeon.
You worshipped Beogh.
Beogh was pleased with you.
You were not hungry.

You visited 1 branch of the dungeon, and saw 6 of its levels.

You collected 275 gold pieces.

Inventory:

Hand weapons
 a - a +0,+0 orcish hand axe
 n - a +1,+0 orcish war axe (weapon)
 p - a +0,+0 long sword
Missiles
 d - 4 throwing nets (quivered)
Armour
 c - a +0 orcish helmet (worn)
 g - a +0 elven chain mail (worn)
 F - a +0 dwarven plate armour
Magical devices
 b - a wand of random effects (17)
 y - a wand of random effects (9)
 B - a wand of disintegration (16)
 G - a wand of slowing (16)
 H - a wand of fire (7) {unknown}
 K - a wand of confusion (15) {unknown}
Comestibles
 f - 5 meat rations
 q - 4 chunks of gnoll flesh
 z - a lychee
 C - a bread ration
Scrolls
 e - 5 scrolls of identify
 h - 3 scrolls of blinking {unknown}
 i - 5 scrolls of remove curse {unknown}
 k - 5 scrolls of fog {unknown}
 o - a scroll of curse jewellery
 r - a scroll of magic mapping
 s - 2 scrolls of noise {unknown}
 t - a scroll of fear {unknown}
 v - 2 scrolls of random uselessness {unknown}
 w - 2 scrolls of enchant armour {unknown}
 A - a scroll of curse weapon {unknown}
 I - a scroll of enchant weapon II {unknown}
Jewellery
 j - an uncursed amulet of resist corrosion
 l - a ring of regeneration (right hand)
 m - a cursed +2 ring of strength (left hand)
 u - an uncursed ring of wizardry
 D - an uncursed ring of sustain abilities
 J - the amulet of Propriety (around neck) {rCorr rC+}
   (You found it on level 6 of the Dungeon)

   [amulet of resist corrosion]

   It protects you from cold.
Potions
 E - a potion of berserk rage {unknown}
 L - a potion of magic {unknown}


   Skills:
 - Level 2.4 Fighting
 * Level 12.1 Axes
 - Level 2.0 Throwing
 - Level 4.0 Armour
 - Level 2.4 Dodging


You had 7 spell levels left.
You didn't know any spells.

Dungeon Overview and Level Annotations

Branches:
Dungeon (6/16)
 Temple: D:4-7          Orc: D:6-11

Altars:
Kikubaaqudgha
Nemelex Xobeh
Okawaru
Xom

Shops:
D:5 +/(+

Annotations:
D:2 Crazy Yiuf


Innate Abilities, Weirdness & Mutations

You can tolerate rotten meat.


Message History

Unknown command.
Read which item? (? for menu, Esc to quit)
Okay, then.
Drink which item? (? for menu, Esc to quit)
Okay, then.
Unknown command.
Read which item? (? for menu, Esc to quit)
As you read the scroll labeled SMA SAUTT, it crumbles to dust.
Your +2 ring of strength glows black for a moment.
It was a scroll of curse jewellery.
The orc warrior hits you with an orcish long sword.
* * * LOW HITPOINT WARNING * * *
Read which item? (? for menu, Esc to quit)
As you read the scroll labeled PLEDOE MAUSHORCH, it crumbles to dust.
Your +0,+0 orcish war axe glows green for a moment.
It was a scroll of enchant weapon I.
It hits you but does no damage.
You hear some strange, mumbled words.
You are confused.
The orc warrior hits you with an orcish long sword!
You die...

###############..#
##########.# #
#..# #.# # #..#
#.# # #..# #.# #
#..# #.# # #..#
#.# # #..# #.# #
#..# #.# # #{@#
#.# # #o{# #.# #
#..# #.# # #..#
#.# . ...# #.#
..... #.# ###.#
#.# .^# #.# #.#
#.#


You could see an orc warrior.

Vanquished Creatures
  A sky beast (D:6)
  A centaur (D:5)
  2 ice beasts
  Sigmund (D:5)
  2 giant frogs (D:6)
  A hippogriff skeleton (D:6)
  4 crimson imps
  2 hounds (D:4)
  A giant frog skeleton (D:6)
  4 scorpions
  2 worker ants (D:4)
  Ijyb (D:2)
  7 gnolls
  5 adders
  A giant mite (D:6)
  2 giant eyeballs
  2 giant geckos
  2 oozes
  5 orcs (D:3)
  3 giant cockroaches
  12 goblins
  6 hobgoblins
  3 jackals (D:3)
  10 bats
  8 giant newts
  4 kobolds
  10 rats
  2 butterflies (D:5)
104 creatures vanquished.

Vanquished Creatures (others)
  A kobold (D:3)
1 creature vanquished.

Grand Total: 105 creatures vanquished

Notes
Turn   | Place    | Note
--------------------------------------------------------------
     0 | D:1      | JacquesDerrida, the Hill Orc Gladiator, began the quest for the Orb.
     0 | D:1      | Reached XP level 1. HP: 18/18 MP: 0/0
   193 | D:1      | Reached XP level 2. HP: 18/25 MP: 1/1
   511 | D:1      | Reached skill level 5 in Axes
   915 | D:2      | Reached XP level 3. HP: 30/30 MP: 2/2
  1035 | D:2      | Noticed Ijyb
  1061 | D:2      | Killed Ijyb
  1061 | D:2      | Reached skill level 6 in Axes
  1215 | D:2      | JacquesDerrida: WHAT HABBENED MY MANGS
  1215 | D:2      | JacquesDerrida: WHY ARE YOU ALL HERE
  1215 | D:2      | JacquesDerrida: WELCAM!
  1240 | D:2      | NOPE: hay
  1274 | D:2      | Reached XP level 4. HP: 30/38 MP: 3/3
  1390 | D:2      | Noticed Crazy Yiuf
  1445 | D:3      | JacquesDerrida: deng
  1445 | D:3      | Became a worshipper of Beogh the Brigand
  1447 | D:3      | JacquesDerrida: My mangs!
  1456 | D:3      | JacquesDerrida: we are a family now
  1712 | D:3      | Reached skill level 1 in Armour
  1822 | D:3      | JacquesDerrida: no pls
  1822 | D:3      | JacquesDerrida: we are the same
  1832 | D:3      | Reached XP level 5. HP: 42/44 MP: 4/4
  2197 | D:3      | Acquired Beogh's first power
  2493 | D:4      | Reached skill level 7 in Axes
  2621 | D:4      | Found an iron altar of Okawaru.
  3044 | D:4      | Paralysed by a giant eyeball for 3 turns
  3052 | D:4      | Reached XP level 6. HP: 50/50 MP: 5/5
  3081 | D:4      | Reached skill level 8 in Axes
  3441 | D:5      | Entered Level 5 of the Dungeon
  3477 | D:5      | Found Luaquiti's Magical Wand Emporium.
  3502 | D:5      | Found Wiuxkuwk's Weapon Shop.
  3518 | D:5      | JacquesDerrida: PSIFIZ
  3518 | D:5      | JacquesDerrida: IS THAT YOU
  3614 | D:5      | Noticed Sigmund
  3617 | D:5      | JacquesDerrida: no plois
  3623 | D:5      | Paralysed by a potion of paralysis for 5 turns
  3642 | D:5      | Killed Sigmund
  3642 | D:5      | Reached skill level 9 in Axes
  3642 | D:5      | Reached XP level 7. HP: 41/57 MP: 6/6
  3841 | D:5      | Found an ancient bone altar of Kikubaaqudgha.
  3852 | D:5      | Found a shimmering altar of Xom.
  3982 | D:5      | Found Fyugyo's Book Boutique.
  4032 | D:5      | Found Idezeeli's Book Shop.
  4057 | D:5      | JacquesDerrida: DANG
  4121 | D:5      | Reached skill level 10 in Axes
  4451 | D:6      | Vidiiot: Well
  4453 | D:6      | Vidiiot: We're all here
  4453 | D:6      | Vidiiot: Because 0.14 is broken
  4453 | D:6      | Vidiiot: :D
  4453 | D:6      | JacquesDerrida: are you the orcs mates
  4453 | D:6      | JacquesDerrida: broken?
  4453 | D:6      | JacquesDerrida: how is it broken?
  4453 | D:6      | JacquesDerrida: deng
  4507 | D:6      | Got a wavering sapphire amulet
  4508 | D:6      | Identified the amulet of Propriety {rCorr rC+} (You found it on level 6 of the Dungeon)
  4509 | D:6      | JacquesDerrida: wow
  4509 | D:6      | JacquesDerrida: what a coincidence
  4518 | D:6      | Acquired Beogh's second power
  4518 | D:6      | Reached XP level 8. HP: 49/63 MP: 7/7
  4570 | D:6      | Reached skill level 11 in Axes
  4849 | D:6      | Reached skill level 12 in Axes
  4877 | D:6      | Found a sparkling altar of Nemelex Xobeh.
  4954 | D:6      | JacquesDerrida: well I'll be damned
  4955 | D:6      | Slain by an orc warrior

Action                   |  1- 3 |  4- 6 |  7- 9 || total
-------------------------+-------+-------+-------++-------
Melee: Hand axe          |   124 |    57 |       ||   181
       War axe           |       |   129 |   147 ||   276
Invok: Convert to Beogh  |       |     1 |       ||     1
Evoke: Wand              |       |     3 |       ||     3
  Use: Potion            |     4 |     5 |       ||     9
       Scroll            |       |     3 |     4 ||     7
